 Dungeon Crawl Stone Soup version 0.21.1-1-g345015fe64 (webtiles) character file.

33 Naru the Charmwright (level 3, 0/28 HPs)
             Began as a Merfolk Skald on June 9, 2018.
             Succumbed to an adder's poison
             ... on level 1 of the Dungeon.
             The game lasted 00:02:15 (669 turns).

Naru the Charmwright (Merfolk Skald)                 Turns: 669, Time: 00:02:16

Health: 0/28       AC:  3    Str: 11 (12) XL:     3   Next: 29%
Magic:  2/6        EV: 12    Int: 11 (12) God:
Gold:   35         SH:  0    Dex: 12 (13) Spells: 5/6 levels left

rFire    . . .     SeeInvis .   a - +0 falchion
rCold    . . .     Gourm    .   (no shield)
rNeg     . . .     Faith    .   b - +0 leather armour
rPois    .         Spirit   .   (no helmet)
rElec    .         Reflect  .   (no cloak)
rCorr    .         Harm     .   (no gloves)
MR       .....                  (no boots)
Stlth    +.........             (no amulet)
HPRegen  0.09/turn              (no ring)
MPRegen  0.10/turn              (no ring)

@: lethally poisoned (0 -> -1), hasted, very quick
A: change form in water, swift swim, stealthy swim
a: no special abilities


You were on level 1 of the Dungeon.
You were not hungry.

You visited 1 branch of the dungeon, and saw 2 of its levels.

You collected 35 gold pieces.

Inventory:

Hand Weapons
 a - a +0 falchion (weapon)
Missiles
 f - 70 stones (quivered)
Armour
 b - a +0 leather armour (worn)
Scrolls
 e - a scroll of magic mapping {unknown}
 g - a scroll of immolation {unknown}
 h - 3 scrolls of random uselessness {unknown}
 i - a scroll of remove curse {unknown}
 k - a scroll of identify {unknown}
Books
 c - a book of Battle

   Spells                             Type                      Level
   a - Infusion                       Charms                       1
   b - Shroud of Golubria             Charms/Translocation         2
   c - Song of Slaying                Charms                       2
   d - Spectral Weapon                Hexes/Charms                 3
   e - Regeneration                   Charms/Necromancy            3
Comestibles
 d - 2 rations


   Skills:
 * Level 2.7 Fighting
 * Level 2.8 Long Blades
 + Level 1.0 Armour
 * Level 3.0 Dodging
 - Level 2.0 Spellcasting
 + Level 3.6 Charms


You had 5 spell levels left.
You knew the following spells:

 Your Spells              Type           Power        Failure   Level  Hunger
a - Infusion              Chrm           #...         9%          1    ##.....


Dungeon Overview and Level Annotations

Branches:
Dungeon (2/15)

Altars:


Message History

There is a lethal amount of poison in your body!
* * * LOW HITPOINT WARNING * * *
You feel sick.
* * * LOW HITPOINT WARNING * * *
You feel sick.
There is a stone staircase leading up here.
You climb upwards.
* * * LOW HITPOINT WARNING * * *
You feel sick.
There is a stone staircase leading down here.
It was a potion of degeneration.
There was something very wrong with that liquid.
You feel weakened.
You feel dopey.
You feel clumsy.
It was a potion of haste.
You feel yourself speed up.
* * * LOW HITPOINT WARNING * * *
You feel sick.
* * * LOW HITPOINT WARNING * * *
You feel sick.
You see here a dagger.
You die...

.#.# #.......#.#.#####.#
.#.# #.......#.#.#####.#
##.# #.........#.....#.#
...# #.........#.###.#.#
...# #.........#.....#.#
...# #.........#...#.#.#
##.# #.........#.###.#.#
.#.# #########.......#.#
.#.# #..@#####.# )#.#
##..# #.# .#.# #..# #.#
##.# #..# #.# ...##
#..#####.#
....###########........#
..............#..#######
##.#...............#
.#.#........)..)...#


There were no monsters in sight!

Vanquished Creatures
  An adder (D:2)
  A dart slug (D:1)
  3 bats
  A giant cockroach (D:2)
  2 goblins (D:1)
  3 hobgoblins (D:1)
  2 jackals (D:1)
  4 kobolds
  A frilled lizard (D:1)
  2 rats
20 creatures vanquished.

Notes
Turn   | Place    | Note
-------+----------+-------------------------------------------
     0 | D:1      | Naru the Merfolk Skald began the quest for the Orb.
     0 | D:1      | Reached XP level 1. HP: 16/16 MP: 3/3
   145 | D:1      | Reached XP level 2. HP: 23/23 MP: 3/5
   516 | D:1      | Reached skill level 1 in Armour
   641 | D:2      | Reached XP level 3. HP: 8/28 MP: 0/6
   657 | D:1      | HP: 1/28 [poisoned by an adder]
   663 | D:1      | HP: 1/28 [poisoned by an adder]
   669 | D:1      | Succumbed to an adder's poison

Skill      XL: |  1  2 |
---------------+-------+-----
Armour         | 1 |  1.0
Dodging        | 3 |  3.0
Fighting       | |  2.7
Long Blades    | |  2.8
Spellcasting   | |  2.0
Charms         | |  3.6

Action                   || total
-------------------------++-------
Melee: Falchion          ||    61
 Cast: Infusion          ||     7
  Use: Potion            ||     2
 Stab: Sleeping          ||     1
Armor: Leather armour    ||    12
Dodge: Dodged            ||    53
       Rpst.: Falchion   ||    13
